 Dungeon Crawl Stone Soup version 0.30-a0-883-g5ad918d77d (webtiles) character file.

Game seed: 1629867017222882928

203 Aequonox the Firebug (level 5, -4/45 HPs)
             Began as an Ogre Fire Elementalist on Mar 17, 2023.
             Slain by an orc
             ... wielding a +0 flail
              (8 damage)
             ... on level 2 of the Dungeon.
             The game lasted 00:06:41 (3409 turns).

Aequonox the Firebug (Ogre Fire Elementalist)       Turns: 3409, Time: 00:06:41

Health: -4/45      AC:  3    Str: 14    XL:     5   Next: 81%
Magic:  11/11      EV: 10    Int: 22    God:
Gold:   158        SH:  0    Dex:  9    Spells: 9/12 levels left

rFire   . . .      SeeInvis .    l - +0 dagger (vamp)
rCold   . . .      Faith    .    (no shield)
rNeg    + . .      Spirit   .    a - +0 robe
rPois   .          Reflect  .    (helmet restricted)
rElec   .          Rampage  .    (no cloak)
rCorr   .                        (gloves unavailable)
Will    .....                    (boots unavailable)
Stlth   ++                       (no amulet)
HPRegen 0.27/turn                k - +6 ring of intelligence
MPRegen 0.12/turn                o - ring of positive energy

@: no status effects
A: large, unfitting armour, tough skin 1
a: no special abilities


You were on level 2 of the Dungeon.
You visited 1 branch of the dungeon, and saw 3 of its levels.

You collected 158 gold pieces.

Inventory:

Hand Weapons
 l - a +0 vampiric dagger (weapon)
Missiles
 h - 4 atropa-tipped darts
 i - 3 poisoned darts
Armour
 a - a +0 robe (worn)
Jewellery
 k - a +6 ring of intelligence (left hand)
 o - a ring of positive energy (right hand)
 r - a ring of willpower
 x - a ring of positive energy
Wands
 v - a wand of iceblast (4)
Scrolls
 c - 3 scrolls of identify {unknown}
 e - a scroll of magic mapping {unknown}
 f - a scroll of enchant armour {unknown}
 n - a scroll of torment {unknown}
 p - 6 scrolls of teleportation {unknown}
 q - a scroll of blinking {unknown}
 s - a scroll of fear {unknown}
 u - a scroll of fog {unknown}
 w - a scroll of noise {unknown}
Potions
 b - 2 potions of magic
 d - 2 potions of mutation {unknown}
 g - a potion of flight {unknown}
 j - a potion of lignification {unknown}
 m - 2 potions of curing {unknown}
 t - a potion of brilliance {unknown}


   Skills:
 + Level 0.2 Fighting
 + Level 0.3 Short Blades
 + Level 2.0 Dodging
 + Level 1.8 Stealth
 + Level 4.0 Spellcasting
 + Level 2.2 Conjurations
 + Level 4.1 Fire Magic


You had 9 spell levels left.
You knew the following spells:

 Your Spells              Type           Power      Damage    Failure   Level
a - Foxfire               Conj/Fire      72%        2x1d7     3%          1
b - Scorch                Fire           44%        2d7       3%          2

Your spell library contained the following spells:

 Spells                   Type           Power      Damage    Failure   Level
 Inner Flame              Hex/Fire       13%        N/A       14%         3
 Kindle Blastsparks       Fire/Tloc/Air  20%        2d11      19%         3
 Flame Wave               Conj/Fire      18%        2d7       30%         4
 Ozocubu's Armour         Ice            4%         N/A       32%         3
 Metabolic Englaciation   Hex/Ice        2%         N/A       97%         5
 Summon Forest            Summ/Tloc      2%         N/A       97%         5
 Eringya's Noxious Bog    Tmut/Pois      2%         N/A       100%        6
 Simulacrum               Ice/Necr       2%         N/A       100%        6
 Summon Hydra             Summ           2%         N/A       100%        7


Dungeon Overview and Level Annotations

Branches:
Dungeon (3/15)

Altars:
Dithmenos


Innate Abilities, Weirdness & Mutations

You are too large for most types of armour.
You have tough skin. (AC +1)


Message History

An orc wizard appears from thin air!
Reactivating autopickup.
The orc wizard mumbles some strange words.
The orc wizard flickers and vanishes!
Deactivating autopickup; reactivate with Ctrl-A.
The orc attacks as you move away! The orc completely misses you.
The orc attacks as you move away! The orc hits you but does no damage.
You hit the orc but do no damage. You closely miss the orc.
The orc hits you with a +0 flail. The orc attacks as you move away!
The orc hits you with a +0 flail! The orc attacks as you move away!
The orc barely misses you. The orc attacks as you move away!
The orc hits you with a +0 flail. The orc attacks as you move away!
The orc closely misses you. The orc attacks as you move away!
The orc closely misses you. The orc attacks as you move away!
The orc closely misses you.
An orc wizard appears from thin air!
Reactivating autopickup.
The orc attacks as you move away! The orc closely misses you.
The orc wizard casts a spell.
The orc wizard flickers and vanishes!
Deactivating autopickup; reactivate with Ctrl-A.
Found a golden ring.
The orc attacks as you move away! The orc hits you with a +0 flail!
The orc attacks as you move away! The orc hits you with a +0 flail!
There is a stone staircase leading up here.
You climb upwards.
Reactivating autopickup.
There is a stone staircase leading down here.
You hit the orc but do no damage. The orc barely misses you.
You hit the orc but do no damage. You punch the orc, but do no damage.
The orc hits you with a +0 flail.
You closely miss the orc. The orc hits you with a +0 flail!
* * * LOW HITPOINT WARNING * * *
You barely miss the orc. The orc misses you.
You closely miss the orc. The orc barely misses you.
You completely miss the orc. The orc closely misses you.
You barely miss the orc. The orc hits you with a +0 flail!
* * * LOW HITPOINT WARNING * * *
You hit the orc but do no damage. The orc hits you with a +0 flail!
You die...

##..####
#.# #.#
...##
#.### #.#
.#######
#...# #.#
.#.....##
###.# ##.#
........##
#.# ##..#
...).....#
#.# #..##
.........#
#.## ##.##
.........#
#.o# #..#
.........#
##@###.##
...<...[.#
#.....#
.........#
####..#
........##
#)##
.#.....##
#.#
##)..###
#.# .....#
### ##...#
#####


You could see an orc.

Vanquished Creatures
  An ogre (D:3)
  Jessica (D:3)
  3 gnolls (D:2)
  An adder (D:2)
  A worm (D:2)
  A dart slug (D:1)
  5 ball pythons
  5 endoplasms
  3 giant cockroaches
  4 goblins
  2 hobgoblins (D:1)
  2 jackals (D:2)
  6 kobolds
  4 quokkas (D:1)
  6 bats
  2 frilled lizards (D:2)
  3 rats
50 creatures vanquished.

Vanquished Creatures (others)
  207 foxfires
207 creatures vanquished.

Grand Total: 257 creatures vanquished

Notes
Turn   | Place    | Note
-------+----------+-------------------------------------------
     0 | D:1      | Aequonox the Ogre Fire Elementalist began the quest for the
                  | Orb.
     0 | D:1      | Reached XP level 1. HP: 16/16 MP: 3/3
   286 | D:1      | Reached XP level 2. HP: 24/24 MP: 3/5
   655 | D:1      | Reached skill level 1 in Conjurations
  1413 | D:1      | Reached XP level 3. HP: 29/31 MP: 0/7
  1749 | D:1      | Learned a level 2 spell: Scorch
  2103 | D:2      | Reached XP level 4. HP: 36/39 MP: 1/9
  2853 | D:3      | Noticed Jessica
  2868 | D:3      | Killed Jessica
  2869 | D:3      | Reached XP level 5. HP: 45/45 MP: 1/10
  3117 | D:3      | Noticed an ogre
  3123 | D:3      | Killed an ogre
  3220 | D:3      | Found a shadowy altar of Dithmenos.
  3409 | D:2      | Slain by an orc

Illustrated notes

Levels and vault maps discovered:
D:1:      dpeg_arrival_central, layout_loops_ring, minmay_hexomino_u4
D:2:      layout_rooms
D:3:      layout_loops_ring, kennysheep_orc_sif_temple,
          mainiacjoe_overflow_six_doors_small, uniq_jessica

Skill      XL: |  1  2  3  4  5 |
---------------+----------------+-----
Fire Magic     | 3 4 |  4.1
Conjurations   | 1 2 |  2.2
Dodging        | 2 |  2.0
Spellcasting   | 3 4 |  4.0
Fighting       | |  0.2
Short Blades   | |  0.3
Stealth        | |  1.8

Action                     |  1- 3 |  4- 6 || total
---------------------------+-------+-------++-------
  Melee: Unarmed           |     2 |       ||     2
         Dagger            |    31 |    10 ||    41
         Punch             |       |     1 ||     1
   Cast: Foxfire           |    68 |    61 ||   129
 Armour: Robe              |    17 |     5 ||    22
  Dodge: Dodged            |    21 |    15 ||    36

Table legend: (Time is in decaauts)
 A = Elapsed time spent in this place.
 B = Non-inter-level travel time spent in this place.
 C = Inter-level travel time spent in this place.
 D = Time resting spent in this place.
 E = Time spent auto-exploring this place.
 F = Levels seen in this place.
 G = Mean time per level.
                   A        B        C        D        E       F      G
               +--------+--------+--------+--------+--------+-----+--------+
         Total |   3406 |   3330 |     76 |    637 |   2199 |   3 | 1135.3 |
       Dungeon |   3406 |   3330 |     76 |    637 |   2199 |   3 | 1135.3 |
               +--------+--------+--------+--------+--------+-----+--------+

Top non-repeatable levels by time:
     D:1: 1906 daAuts
     D:2: 808 daAuts
     D:3: 692 daAuts
